 Dungeon Crawl Stone Soup version 0.29-a0-23-ga79f92ac9c (webtiles) character file.

Game seed: 18324940871943689400

71 HallandMoats the Skirmisher (level 4, -1/36 HPs)
             Began as a Ghoul Fighter on Jan 31, 2022.
             Was a Follower of Hepliaklqana.
             Slain by Natasha (3 damage)
             ... on level 2 of the Dungeon.
             The game lasted 00:02:08 (1566 turns).

HallandMoats the Skirmisher (Ghoul Fighter)         Turns: 1566, Time: 00:02:09

Health: -1/36      AC:  6    Str: 19    XL:     4   Next: 24%
Magic:  4/4        EV:  9    Int:  5    God:    Hepliaklqana [*.....]
Gold:   24         SH:  4    Dex:  8    Spells: 3/3 levels left

rFire   . . .      SeeInvis .     - Unarmed
rCold   + . .      Faith    .   b - +0 buckler
rNeg    + + +      Spirit   .   a - +0 scale mail
rPois   ∞          Reflect  .   (no helmet)
rElec   .          Harm     .   (no cloak)
rCorr   .          Rampage  .   (no gloves)
Will    .....                   (no boots)
Stlth   ..........              (no amulet)
HPRegen 0.00/turn               (no ring)
MPRegen 0.09/turn               (no ring)

@: inhibited regen, slowed, very slow
A: reduced essence, claws 1, cold resistance 1, negative energy resistance 3,
inhibited regeneration, torment resistance 2
a: Renounce Religion, Recall Ancestor, Ancestor Identity


You were on level 2 of the Dungeon.
You worshipped Hepliaklqana.
Hepliaklqana was aware of your devotion.
You visited 1 branch of the dungeon, and saw 2 of its levels.

You collected 24 gold pieces.

Inventory:

Armour
 a - a +0 scale mail (worn)
 b - a +0 buckler (worn)
 e - a +0 helmet
Jewellery
 h - a ring of protection from fire
Scrolls
 d - 4 scrolls of identify {unknown}
 f - a scroll of enchant weapon {unknown}
 g - a scroll of teleportation {unknown}
Potions
 c - a potion of might
 i - a potion of brilliance {unknown}


   Skills:
 * Level 3.9 Fighting
 + Level 2.9 Armour
 + Level 0.6 Dodging
 + Level 2.9 Shields
 * Level 2.9 Unarmed Combat
 * Level 1.7 Invocations


You had 3 spell levels left.
You didn't know any spells.
Your spell library was empty.

Dungeon Overview and Level Annotations

Branches:
Dungeon (2/15)

Altars:
Hepliaklqana

Annotations:
D:2 Natasha


Innate Abilities, Weirdness & Mutations

Your life essence is reduced to manifest your ancestor. (-10% HP)
You thrive by killing the living.
You are immune to poison.
You have sharp fingernails.
Your flesh is cold resistant. (rC+)
You are immune to negative energy. (rN+++)
You do not regenerate when monsters are visible.
You are immune to unholy pain and torment.


Message History

Attack!
Stabby hits Natasha.
Natasha claws Stabby.
Unknown command.
Natasha claws Stabby!
Stabby hits Natasha but does no damage.
Natasha stares at Stabby and mumbles some strange words.
The magic dart hits Stabby!
Stabby is destroyed!
You barely miss Natasha.
Natasha is severely wounded.
Natasha barely misses you.
You closely miss Natasha.
Natasha is severely wounded.
Natasha barely misses you.
You miss Natasha.
Natasha is severely wounded.
Natasha growls.
Natasha closely misses you.
You barely miss Natasha.
Natasha is severely wounded.
The crimson imp lashes its tail.
Natasha casts a spell.
You miss Natasha.
Natasha is severely wounded.
The crimson imp blinks!
Natasha mumbles some strange words.
Natasha's front paws start to glow.
Natasha claws you but does no damage.
You scratch Natasha but do no damage.
Natasha is severely wounded.
Natasha stares at you and mumbles some strange words.
You feel yourself slow down.
You scratch Natasha.
Natasha is almost dead.
The crimson imp blinks!
Natasha claws you.
* * * LOW HITPOINT WARNING * * *
You barely miss Natasha.
Natasha is almost dead.
Natasha claws you.
* * * LOW HITPOINT WARNING * * *
Natasha claws you.
You die...

###.### #.# #.#
#.# #.# #.# #.#
#.# #.. #.# ###
#.# #.# #5# #@#
#h# #5#
#....§...>#
............h.#
###.###.###.#.#
# #.# # #.# ..#


You could see Natasha and 2 crimson imps.

Vanquished Creatures
  A gnoll (D:1)
  A bat (D:1)
  4 endoplasms
  2 giant cockroaches (D:1)
  A goblin (D:1)
  A hobgoblin (D:2)
  4 jackals (D:1)
  4 kobolds
  2 ball pythons (D:1)
  A frilled lizard (D:1)
  6 rats
27 creatures vanquished.

Vanquished Creatures (collateral kills)
  An iguana (D:2)
  A dart slug (D:1)
  A ball python (D:2)
  An endoplasm (D:1)
  A kobold (D:1)
5 creatures vanquished.

Vanquished Creatures (others)
  An ancestor (D:2)
1 creature vanquished.

Grand Total: 33 creatures vanquished

Notes
Turn   | Place    | Note
-------+----------+-------------------------------------------
     0 | D:1      | HallandMoats the Ghoul Fighter began the quest for the Orb.
     0 | D:1      | Reached XP level 1. HP: 19/19 MP: 0/0
    29 | D:1      | Reached XP level 2. HP: 1/26 MP: 1/1
   427 | D:1      | Found a faded altar of an unknown god.
   434 | D:1      | Prayed at the altar of an unknown god.
   434 | D:1      | Became a worshipper of Hepliaklqana the Forgotten
   434 | D:1      | Reached * piety under Hepliaklqana
   587 | D:1      | Reached skill level 1 in Invocations
   818 | D:1      | Reached XP level 3. HP: 24/27 MP: 2/2
  1303 | D:2      | Reached XP level 4. HP: 12/36 MP: 4/4
  1543 | D:2      | Noticed Natasha
  1566 | D:2      | Slain by Natasha

Illustrated notes

Levels and vault maps discovered:
D:1:      saegor_arrival_simple_a, layout_loops_cross,
          shapermc_ecumenical_altar_mp_urbaneastern
D:2:      layout_loops_ring, chequers_decorated_corner, minmay_pentomino_v4,
          uniq_natasha

Skill      XL: |  1  2 |
---------------+-------+-----
Invocations    | 1 |  1.7
Fighting       | |  3.9
Armour         | |  2.9
Dodging        | |  0.6
Shields        | |  2.9
Unarmed Combat | |  2.9

Action                   |  1- 3 |  4- 6 || total
-------------------------+-------+-------++-------
Melee: Unarmed           |    87 |    14 ||   101
Invok: Ancestor Identity |     1 |       ||     1
Armor: Scale mail        |    34 |     4 ||    38
Dodge: Dodged            |    30 |     3 ||    33
Block: Buckler           |     9 |       ||     9

Table legend: (Time is in decaauts)
 A = Elapsed time spent in this place.
 B = Non-inter-level travel time spent in this place.
 C = Inter-level travel time spent in this place.
 D = Time resting spent in this place.
 E = Time spent auto-exploring this place.
 F = Levels seen in this place.
 G = Mean time per level.
                   A        B        C        D        E       F      G
               +--------+--------+--------+--------+--------+-----+--------+
         Total |   1565 |   1527 |     38 |      0 |   1324 |   2 |  782.5 |
       Dungeon |   1565 |   1527 |     38 |      0 |   1324 |   2 |  782.5 |
               +--------+--------+--------+--------+--------+-----+--------+

Top non-repeatable levels by time:
     D:1: 1213 daAuts
     D:2: 352 daAuts
